 Dungeon Crawl Stone Soup version 0.28.0-49-g6dfe1f597d (webtiles) character file.

Game seed: 17045540362503690239

74 Zeld the Insei (level 4, -2/29 HPs)
             Began as an Octopode Transmuter on May 11, 2022.
             Slain by an iguana (13 damage)
             ... on level 3 of the Dungeon.
             The game lasted 00:01:38 (2451 turns).

Zeld the Insei (Octopode Transmuter)                Turns: 2451, Time: 00:01:38

Health: -2/29      AC:  2    Str: 11    XL:     4   Next: 28%
Magic:  5/8        EV: 19    Int: 15    God:
Gold:   124        SH:  0    Dex: 17    Spells: 2/8 levels left

rFire   . . .      SeeInvis .     - Unarmed
rCold   . . .      Faith    .   (shield currently unavailable)
rNeg    . . .      Spirit   .   (helmet currently unavailable)
rPois   x          Reflect  .   (no amulet)
rElec   .          Harm     .   (no ring)
rCorr   .          Rampage  .   (no ring)
Will    .....                   (no ring)
Stlth   ++........              (no ring)
HPRegen 0.09/turn               (no ring)
MPRegen 0.11/turn               (no ring)
                                (no ring)
                                (no ring)

@: spider-form
A: venomous fangs, almost no armour, (amphibious), 8 rings, tiny, (camouflage
1), (gelatinous body 1), (nimble swimmer 1), (tentacles)
a: End Transformation


You were on level 3 of the Dungeon.
You were a venomous arachnid creature.
You visited 1 branch of the dungeon, and saw 3 of its levels.

You collected 124 gold pieces.

Inventory:

Scrolls
 a - a scroll of identify {unknown}
 b - a scroll of teleportation {unknown}
 f - a scroll of enchant armour {unknown}
Potions
 c - a potion of resistance {unknown}
 d - 3 potions of magic {unknown}
 e - 2 potions of flight {unknown}
 g - a potion of attraction {unknown}


   Skills:
 * Level 1.8 Fighting
 + Level 2.2 Dodging
 + Level 1.2 Stealth
 - Level 3.0 Unarmed Combat
 * Level 2.6 Spellcasting
 * Level 2.5 Transmutations
 + Level 0.7 Ice Magic
 + Level 1.2 Poison Magic


You had 2 spell levels left.
You knew the following spells:

 Your Spells              Type           Power      Damage    Failure   Level
a - Beastly Appendage     Tmut           18%        N/A       19%         1
b - Wereblood             Tmut           9%         N/A       26%         2
c - Spider Form           Tmut/Pois      7%         N/A       50%         3

Your spell library contained the following spells:

 Spells                   Type           Power      Damage    Failure   Level
 Ensorcelled Hibernation  Hex/Ice        6%         N/A       47%         2
 Ice Form                 Ice/Tmut       7%         N/A       87%         4
 Hailstorm                Conj/Ice       3%         3d3       96%         4
 Anguish                  Hex/Necr       1%         N/A       97%         4
 Simulacrum               Ice/Necr       1%         N/A       100%        6


Dungeon Overview and Level Annotations

Branches:
Dungeon (3/15)

Altars:
Kikubaaqudgha


Innate Abilities, Weirdness & Mutations

You are a venomous arachnid creature.
You have poisonous fangs.
You are tiny and dextrous.
Your spellcasting is less reliable in this form.
Your armour is entirely melded.
You are incapable of wielding weapons or throwing items.
You cannot wear most types of armour.
((You are amphibious.))
You can wear up to eight rings at the same time.
((Your skin changes colour to match your surroundings (Stealth+).))
((Your rubbery body absorbs attacks. (AC +1, EV +1)))
((You are camouflaged when in or above water. (Stealth+)))
((You have tentacles for arms and can constrict up to eight enemies at once.))


Message History

You kill the ball python!
No target in view!
Magic restored.
Your transformation is almost over.
Your tentacle spike disappears.
HP restored.
You see here a ball python corpse.
Key pressed, stopping explore.
No target in view!
No target in view!
g - a bubbling purple potion No target in view!
Found an escape hatch in the ceiling.
No target in view!
No target in view!
No target in view!
There is an escape hatch in the ceiling here.
Found an escape hatch in the floor.
An orc comes into view. It is wielding a +0 dagger.
An orc is nearby!
An orc is nearby!
An orc is nearby!
Casting: Beastly Appendage (safe; 7% risk of failure)
Confirm with . or Enter, or press ? or * to list all spells.
One of your tentacles grows a vicious spike.
Your transformation is almost over.
An iguana comes into view.
There is a fountain of clear blue water here.
The iguana hisses angrily.
The iguana bites you.
Casting: Beastly Appendage (safe; 7% risk of failure)
Confirm with . or Enter, or press ? or * to list all spells.
The spell is extremely dangerous to miscast (28% risk of failure)!
Continue anyway?
Your tentacle spike disappears.
You turn into a venomous arachnid creature.
The iguana bites you!
You hit the iguana.
The iguana is lightly wounded.
The iguana bites you!
You die...

..# ..# ..# #..##
##...# ##..#.#
##...#.#
##.⌠..#.#
####s....#.#
......l.....#.#
.....######.#.###
#### #.....#
.......#.#.#
######.#.#.#
..#.#.# ≈..#>#.#
......#.#


You could see an iguana.

Vanquished Creatures
  A hound skeleton (D:2)
  3 adders (D:2)
  A dart slug (D:2)
  2 endoplasms (D:1)
  A giant cockroach (D:2)
  2 hobgoblins
  3 jackals (D:1)
  4 kobolds
  2 quokkas
  8 ball pythons
  3 goblins
  A rat (D:1)
31 creatures vanquished.

Notes
Turn   | Place    | Note
-------+----------+-------------------------------------------
     0 | D:1      | Zeld the Octopode Transmuter began the quest for the Orb.
     0 | D:1      | Reached XP level 1. HP: 13/13 MP: 3/3
   354 | D:1      | Reached XP level 2. HP: 18/18 MP: 3/5
   563 | D:1      | Learned a level 2 spell: Wereblood
  1142 | D:1      | Found a faded altar of an unknown god.
  1431 | D:2      | Reached XP level 3. HP: 18/23 MP: 4/6
  1435 | D:2      | Learned a level 3 spell: Spider Form
  1635 | D:2      | Reached skill level 1 in Stealth
  1635 | D:2      | Reached skill level 1 in Poison Magic
  1742 | D:2      | Reached XP level 4. HP: 13/29 MP: 5/7
  1967 | D:2      | Found an ancient bone altar of Kikubaaqudgha.
  2451 | D:3      | Slain by an iguana

Illustrated notes

Levels and vault maps discovered:
D:1:      matt_arrival_refuge, layout_loops_ring,
          shapermc_ecumenical_altar_acropolis, minmay_shallow_snake_nest
D:2:      layout_basic, basic_altar, minmay_pentomino_r2
D:3:      cheibrodos_pilgrimage, layout_basic, nicolae_overflow_ecumenical_swirl

Skill      XL: |  1  2  3 |
---------------+----------+-----
Stealth        | 1 |  1.2
Poison Magic   | 1 |  1.2
Fighting       | |  1.8
Dodging        | |  2.2
Unarmed Combat | |  3.0
Spellcasting   | |  2.6
Transmutations | |  2.5
Ice Magic      | |  0.7

Action                   |  1- 3 |  4- 6 || total
-------------------------+-------+-------++-------
Melee: Unarmed           |    58 |    11 ||    69
       Constrict         |    20 |     3 ||    23
       Kick              |    13 |     2 ||    15
       Tentacles         |    13 |     1 ||    14
 Cast: Beastly Appendage |    17 |     4 ||    21
       Spider Form       |       |     1 ||     1
 Stab: Sleeping          |     3 |       ||     3
Armor: Skin              |     4 |     1 ||     5
Dodge: Dodged            |    38 |     6 ||    44
